 Dungeon Crawl Stone Soup version 0.19.4 (console) character file.

195039 itsmu the Earth Mage (level 19, -5/196 HPs)
             Began as a Formicid Earth Elementalist on Jan 31, 2017.
             Was the Champion of Hepliaklqana.
             Slain by a tyrant leech (30 damage)
             ... summoned by the player character
             ... on level 2 of the Swamp.
             The game lasted 03:39:48 (48922 turns).

itsmu the Earth Mage (Formicid Earth Elementalist) Turns: 48922, Time: 03:39:49

Health: -5/196     AC: 29    Str: 16    XL:     19   Next: 48%
Magic:  16/33      EV:  2    Int: 24    God:    Hepliaklqana [******]
Gold:   559        SH: 14    Dex: 15    Spells: 7 memorised, 20 levels left

rFire  . . .     SeeInvis .     a - +5 lajatang of Leag {drain, Dex+4}
rCold  . . .     Gourm    .     (armour currently unavailable)
rNeg   + + +     Faith    .     P - +3 warlock's mirror {reflect}
rPois  +         Spirit   .     (helmet unavailable)
rElec  .         Reflect  +     (cloak currently unavailable)
rCorr  .         Harm     .     (gloves currently unavailable)
MR     +....                    (boots currently unavailable)
Stlth  +++.......               t - +4 amulet of reflection
                                F - ring of poison resistance
                                o - +4 ring of intelligence

@: tree-form
A: permanent stasis, dig shafts and tunnels, four strong arms, reduced essence,
(antennae 0), (thin metallic scales 0), (electricity resistance)
a: Recall Ancestor, Ancestor Identity, Transference, Idealise, Renounce Religion


You were on level 2 of the Swamp.
You worshipped Hepliaklqana.
Hepliaklqana was exalted by your worship.
You were not hungry.
You were a tree.
You visited 6 branches of the dungeon, and saw 30 of its levels.
You visited 1 bazaar.
You also visited: Sewer.

You collected 2575 gold pieces.
You spent 2016 gold pieces at shops.

Inventory:

Hand Weapons
 a - the +5 lajatang of Leag (weapon) {drain, Dex+4}
   (You bought it in a shop in a bazaar)

   A truly terrible weapon, it drains the life of those it strikes.
   It affects your dexterity (+4).
Missiles
 b - 323 stones (quivered)
Armour
 g - a +0 pair of boots (melded)
   (You found it on level 1 of the Dungeon)
 h - the +0 ring mail of Awe {-Cast rC+ Regen+ SInv}
   (You found it on level 1 of the Swamp)

   It protects you from cold.
   It lets you see invisible.
   It prevents spellcasting.
   It increases your rate of regeneration.
 s - a +2 large shield
   (You took it off Louise on level 2 of the Swamp)
 v - a +2 cloak (melded)
   (You found it on level 1 of the Snake Pit)
 B - a +2 robe of positive energy
   (You found it on level 2 of the Swamp)
 H - the +6 chain mail of the Hidden Vale (melded) {rC+ MR+ Dex+4}
   (You found it on level 2 of the Lair of Beasts)

   It affects your dexterity (+4).
   It protects you from cold.
   It affects your resistance to hostile enchantments.
 L - a +1 pair of gloves (melded)
   (You found it on level 14 of the Dungeon)
 P - the +3 warlock's mirror (worn) {reflect}
   (You bought it in a shop on level 13 of the Dungeon)
Jewellery
 o - a +4 ring of intelligence (left branch)
   (You found it on level 10 of the Dungeon)
 q - an uncursed ring of flight
   (You found it on level 4 of the Dungeon)
 t - a +4 amulet of reflection (around neck)
   (You found it on level 2 of the Lair of Beasts)
 F - a ring of poison resistance (right branch)
   (You bought it in a shop on level 2 of the Snake Pit)
 J - an uncursed amulet of regeneration
   (You found it on level 3 of the Lair of Beasts)
 O - an uncursed ring of ice
   (You found it on level 5 of the Lair of Beasts)
 S - an uncursed ring of fire
   (You found it on level 4 of the Lair of Beasts)
Wands
 e - a wand of lightning (5/15)
   (You found it on level 10 of the Dungeon)
 k - a wand of acid (7/15)
   (You took it off a naga mage on level 3 of the Snake Pit)
 l - a wand of flame (33/48)
   (You found it on level 1 of the Swamp)
 m - a wand of flame (26/48)
   (You found it on level 1 of the Lair of Beasts)
 r - a wand of iceblast (5/15)
   (You found it on level 12 of the Dungeon)
 G - a wand of iceblast (10/15)
   (You found it on level 12 of the Dungeon)
 K - a wand of paralysis (19/24)
   (You found it on level 3 of the Lair of Beasts)
Scrolls
 c - a scroll of identify
 p - 4 scrolls of fog
 w - 2 scrolls of magic mapping
 y - 10 scrolls of remove curse
Potions
 f - 7 potions of curing
 i - a potion of lignification
 j - a potion of resistance
 n - a potion of cancellation
 u - 5 potions of brilliance
 A - 2 potions of flight
Comestibles
 d - 15 bread rations


   Skills:
 + Level 12.0 Fighting
   Level 13.3 Maces & Flails
 + Level 10.9 Armour
 + Level 7.8 Dodging
 - Level 4.0 Stealth
 + Level 11.6 Shields
 + Level 10.6 Spellcasting
 - Level 11.0 Conjurations
 - Level 6.2 Charms
   Level 1.1 Transmutations
 - Level 15.0 Earth Magic
 - Level 15.0 Poison Magic


You had 20 spell levels left.
You knew the following spells:

 Your Spells              Type           Power        Failure   Level  Hunger
a - Sandblast             Erth           ######       0%          1    None
b - Stone Arrow           Conj/Erth      ######       1%          3    None
c - Olgreb's Toxic Radia  Pois           ######..     1%          4    None
d - Mephitic Cloud        Conj/Pois/Air  ######..     1%          3    None
f - Lee's Rapid Deconstr  Erth           ######....   1%          5    ####...
A - Apportation           Tloc           ##........   6%          1    None
O - Repel Missiles        Chrm/Air       ####..       1%          2    None


Dungeon Overview and Level Annotations

Branches:
Dungeon (15/15)            Temple (0/1) D:7            Lair (6/6) D:9
  Swamp (2/4) Lair:3        Snake (4/4) Lair:3        Slime (0/5) Lair:5
    Orc (2/2) D:9             Elf (0/3) Orc:2        Vaults (0/5) D:13
 Depths (1/5) D:15

Altars:
Ashenzari
Cheibriados
Dithmenos
Fedhas
Gozag
Hepliaklqana
Kikubaaqudgha
Makhleb
Okawaru
Vehumet
Xom
Yredelemnul
Beogh
Jiyva

Shops:
D:13 [   Orc:1 %   Orc:2 :(*   Snake:2 }}=   Snake:3 :   Snake:4 !

Annotations:
D:6 exclusion: statue
Lair:2 some fuckvault
Snake:4 exclusion: door
Depths:1 Vajrapani's ghost, journeyman TrMo


Innate Abilities, Weirdness & Mutations

You are under a permanent stasis effect.
You can dig through walls and to a lower floor.
Your four strong arms can wield two-handed weapons with a shield.
((You have a pair of large antennae on your head. (SInv)))
Your life essence is reduced. (-10% HP)
((You are partially covered in thin metallic scales. (AC +2)))
((You are resistant to electric shocks. (rElec)))


Message History

The spriggan rider hits you but does no damage.
You hit the tyrant leech.
The tyrant leech is severely wounded.
The spriggan rider hits you from afar with a vampiric spear!
* * * LOW HITPOINT WARNING * * *
You block the tyrant leech's attack.
You slash the tyrant leech!
The tyrant leech is almost dead.
You block the spriggan rider's attack.
All of the chunks of flesh in your inventory have rotted away.
You hit the tyrant leech.
The tyrant leech is almost dead.
You block the tyrant leech's attack. You block the spriggan rider's attack.
You hit the tyrant leech but do no damage.
The tyrant leech is almost dead.
You block the tyrant leech's attack. You block the spriggan rider's attack.
You barely miss the tyrant leech.
The tyrant leech is almost dead.
The tyrant leech looks more healthy.
The tyrant leech bites you!!
You die...

≈..♣.♣≈≈≈≈≈≈≈≈.§.....
♣...§≈.≈≈≈≈≈≈≈≈≈≈≈..
♣.≈≈≈.≈≈≈....≈...♣♣ ♣
♣.†♣≈.≈≈♣.≈≈≈≈♣..♣
♣♣.
♣≈...≈≈≈.≈≈≈♣.♣≈♣♣
.≈≈≈
♣§≈≈.≈††≈..♣♣..≈≈♣
≈.≈≈♣
♣†≈≈♣♣♣.♣♣♣♣♣..♣≈♣
≈..≈≈. ♣.♣§♣ ♣♣♣
♣♣.... ≈≈....♣♣♣♣w≈♣
♣≈♣.. ..≈{≈.)♣)..≈♣
♣≈♣.. ♣.≈≈≈≈.i..♣♣♣
♣.... ♣♣§§≈≈≈♣≈♣♣
♣.≈≈. ♣♣≈.≈≈♣♣♣ {
♣≈≈.[ ♣♣.≈. ♣.≈≈≈.
♣.≈≈ ♣≈≈≈≈. ♣.≈≈ ♣.§≈


You could see a tyrant leech and a spriggan rider.

Vanquished Creatures
  Rupert (D:13)
  Kirke (D:12)
  A nagaraja (Snake:3)
  The ghost of Paps the Protected, a journeyman HOFi of Beogh (Snake:3)
  3 orc warlords
  Aizul (Snake:3)
  The ghost of itsmu the Geomancer, a journeyman FoEE of Hepliaklqana (Orc:2)
  A dire elephant (D:15)
  4 spark wasps (Depths:1)
  An ettin (Orc:1)
  Snorg (D:11)
  The ghost of Thomus the Severer, a journeyman HOFi of Okawaru (Orc:1)
  7 naga warriors
  Erolcha (D:11)
  5 hydras
  4 vault guards (D:13)
  A catoblepas (Lair:2)
  11 anacondas
  An ogre mage (Depths:1)
  5 centaur warriors
  An orc high priest (Orc:2)
  A queen ant (Lair:2)
  A tengu warrior (Depths:1)
  An alligator (Swamp:2)
  5 death yaks
  9 shock serpents
  7 naga sharpshooters
  Urug (Orc:1)
  3 unseen horrors
  3 salamander mystics
  6 hill giants
  A spriggan druid (Swamp:2)
  5 naga ritualists
  A shambling mangrove (Swamp:2)
  3 lindwurms
  2 orc knights (Orc:2)
  Pikel (D:5)
  2 wolf spiders (D:15)
  7 mana vipers
  13 ugly things
  6 orc sorcerers
  10 salamanders
  2 cyclopes
  A manticore (D:15)
  11 elephants
  Maurice (D:12)
  A guardian serpent (Snake:2)
  36 black mambas
  2 centaur zombies
  18 naga magi
  A torpor snail (Lair:4)
  12 spiny frogs
  4 gargoyles
  6 rime drakes
  2 freezing wraiths (D:14)
  2 centaur skeletons
  A kobold demonologist (D:13)
  5 komodo dragons
  2 tengu conjurers
  7 trolls
  2 meliai (D:13)
  3 polar bears (Lair:6)
  4 two-headed ogres
  18 blink frogs
  11 slime creatures
  7 hornets
  A meliai zombie (D:15)
  The ghost of dscm the Covert, an amateur OpEE (D:7)
  7 hippogriffs
  8 spriggans
  Sigmund (D:2)
  2 wraiths
  6 wyverns
  A vampire (D:12)
  A shadow (D:15)
  6 hogs
  5 basilisks
  A human (D:8)
  52 yaks
  4 vampire mosquitoes
  2 mottled dragons (D:15)
  9 wargs
  40 nagas
  6 swamp worms
  3 insubstantial wisps
  9 soldier ants (Lair:2)
  16 water moccasins
  5 porcupines
  35 orc warriors
  A hexer (Depths:1)
  5 sky beasts
  A swamp drake (Swamp:1)
  An ice beast (D:7)
  A black bear (Lair:6)
  A phantom (D:8)
  15 wolves (Lair:6)
  5 centaurs
  26 ogres
  7 boggarts
  11 crocodiles
  14 bullfrogs
  5 big kobolds
  2 gnoll sergeants (D:9)
  A wyvern skeleton (D:9)
  2 scorpions
  13 killer bees
  5 howler monkeys
  11 wights
  3 electric eels
  8 crimson imps
  4 jellies
  26 orc priests
  8 hounds
  22 orc wizards
  2 iguanas (D:8)
  26 worker ants
  A hound skeleton (D:8)
  Robin (D:2)
  15 gnolls
  2 river rats (D:9)
  15 adders
  2 howler monkey skeletons
  5 shadow imps
  8 white imps (Lair:6)
  An ooze (Sewer)
  An adder zombie (D:5)
  7 worms
  3 dart slugs (D:1)
  4 leopard geckos
  93 orcs
  4 ball pythons
  6 giant cockroaches
  21 goblins
  14 hobgoblins
  13 jackals
  8 quokkas
  21 bats
  8 frilled lizards
  18 kobolds
  A leopard gecko zombie (D:5)
  13 rats
  A fungus (Lair:2)
1033 creatures vanquished.

Vanquished Creatures (collateral kills)
  Saint Roka (Orc:2)
  Jorgrun (Snake:2)
  2 nagarajas
  Louise (Swamp:2)
  An ettin (Orc:1)
  2 naga warriors (Snake:3)
  2 anacondas
  2 hydras
  An alligator (Swamp:2)
  2 death yaks
  3 naga sharpshooters
  A shock serpent (Snake:1)
  An orc high priest (Orc:2)
  A swamp dragon (Swamp:1)
  A naga ritualist (Snake:3)
  2 hill giants
  2 orc knights
  A deep elf mage (D:12)
  A mana viper (Snake:4)
  2 ugly things (D:15)
  2 salamanders
  2 naga magi
  An elephant (Lair:5)
  9 black mambas
  8 spiny frogs
  3 guardian serpents
  A meliai (D:13)
  2 trolls
  A two-headed ogre (D:8)
  4 slime creatures
  3 blink frogs
  2 hippogriffs
  5 spriggans (Lair:6)
  A redback (Lair:6)
  20 yaks
  A vampire (D:9)
  A hog (D:8)
  A hungry ghost (D:11)
  3 vampire mosquitoes
  3 basilisks
  A warg (Orc:2)
  Edmund (D:5)
  An insubstantial wisp (Lair:3)
  4 nagas
  2 swamp worms (Swamp:1)
  A soldier ant (Lair:2)
  2 porcupines
  4 water moccasins
  A swamp drake (Swamp:1)
  5 orc warriors
  A slave (D:5)
  A black bear (Lair:6)
  An ice beast (D:7)
  2 sky beasts
  3 wolves (Lair:6)
  2 ogres
  A boggart (D:14)
  A centaur (D:6)
  A crocodile (Lair:2)
  A big kobold (D:9)
  2 bullfrogs
  A scorpion (D:10)
  A killer bee (D:9)
  A howler monkey (D:10)
  A quasit (D:5)
  2 jellies
  2 bullfrog skeletons
  3 hounds
  A centaur skeleton (D:12)
  4 orc wizards
  2 iguanas
  4 worker ants
  A gnoll (D:3)
  2 adders
  4 white imps (Lair:6)
  An adder zombie (D:9)
  5 orcs
  3 bats
  2 frilled lizards (D:2)
181 creatures vanquished.

Vanquished Creatures (others)
  2 naga sharpshooters
  A human (D:12)
  An orc priest (Orc:2)
  A bullfrog skeleton (D:5)
  51 hexers
  2 orcs (Orc:2)
  42 fungi
  29 plants
  12 toadstools (Lair:2)
141 creatures vanquished.

Grand Total: 1355 creatures vanquished

Notes
Turn   | Place    | Note
-------+----------+-------------------------------------------
     0 | D:1      | itsmu the Formicid Earth Elementalist began the quest for the Orb.
     0 | D:1      | Reached XP level 1. HP: 13/13 MP: 3/3
    91 | D:1      | Reached XP level 2. HP: 19/19 MP: 3/5
   369 | D:1      | Reached XP level 3. HP: 24/24 MP: 4/6
  1373 | D:1      | Reached skill level 1 in Shields
  1374 | D:1      | Reached XP level 4. HP: 30/30 MP: 1/8
  1486 | D:2      | Learned a level 3 spell: Stone Arrow
  1504 | D:2      | Noticed Robin
  1506 | D:2      | Reached skill level 5 in Earth Magic
  1741 | D:3      | Found a faded altar of an unknown god.
  1808 | D:3      | Reached skill level 1 in Conjurations
  2035 | D:3      | Found a glowing drain.
  2042 | Sewer    | Entered a sewer
  2046 | Sewer    | Reached XP level 5. HP: 26/35 MP: 4/9
  2863 | D:2      | Killed Robin
  3059 | D:2      | Found an opulent altar of Gozag.
  3119 | D:2      | Found a basalt altar of Yredelemnul.
  3138 | D:2      | Found a hazy altar of Hepliaklqana.
  3146 | D:2      | Became a worshipper of Hepliaklqana the Forgotten
  3152 | D:2      | Found a burning altar of Makhleb.
  3152 | D:2      | Found a shadowy altar of Dithmenos.
  3198 | D:2      | Found an iron altar of Okawaru.
  3317 | D:2      | Reached XP level 6. HP: 26/36 MP: 10/10
  3393 | D:2      | Noticed Sigmund
  3412 | D:2      | Killed Sigmund
  3608 | D:2      | Reached XP level 7. HP: 41/41 MP: 11/11
  3736 | D:3      | Reached skill level 5 in Conjurations
  4889 | D:4      | Found a snail-covered altar of Cheibriados.
  5144 | D:5      | Entered Level 5 of the Dungeon
  5144 | D:5      | Reached * piety under Hepliaklqana
  5237 | D:5      | Reached skill level 5 in Spellcasting
  5258 | D:5      | Reached XP level 8. HP: 43/47 MP: 6/15
  5323 | D:5      | Noticed Pikel
  5331 | D:5      | Killed Pikel
  5684 | D:5      | Noticed Edmund
  5753 | D:5      | haha
  5762 | D:5      | Killed Edmund
  5762 | D:5      | Reached XP level 9. HP: 49/57 MP: 13/16
  6272 | D:6      | Learned a level 5 spell: Lee's Rapid Deconstruction
  6321 | D:6      | Found a radiant altar of Vehumet.
  6341 | D:6      | Found a shattered altar of Ashenzari.
  6363 | D:6      | Reached ** piety under Hepliaklqana
  6364 | D:6      | Remembered your ancestor Her Majesty as a hexer
  6464 | D:6      | Reached skill level 5 in Shields
  7079 | D:7      | Noticed dscm's ghost (amateur OpEE)
  7080 | D:7      | uggggghhhh
  7187 | D:7      | Noticed a hippogriff
  7194 | D:7      | Killed a hippogriff
  7194 | D:7      | Reached skill level 5 in Fighting
  7261 | D:7      | Found a staircase to the Ecumenical Temple.
  7633 | D:7      | Reached XP level 10. HP: 66/66 MP: 10/17
  7644 | D:7      | Reached skill level 5 in Dodging
  8041 | D:7      | Killed dscm's ghost
  8393 | D:7      | Found a blossoming altar of Fedhas.
  8393 | D:7      | Found an ancient bone altar of Kikubaaqudgha.
  9187 | D:8      | Noticed a centaur warrior
  9187 | D:8      | Noticed a centaur warrior
  9187 | D:8      | ERM
  9194 | D:8      | ok wtf
  9196 | D:8      | You fall through a shaft for 2 floors!
  9196 | D:10     | Entered Level 10 of the Dungeon
  9640 | D:11     | Noticed Snorg
  9863 | D:8      | Reached *** piety under Hepliaklqana
 10022 | D:8      | Got a transparent leather armour
 10096 | D:8      | Identified the +1 leather armour of Impressiveness {Dex+7} (You took it off an orc on level 8 of the Dungeon)
 10235 | D:8      | Killed a centaur warrior
 10235 | D:8      | Reached XP level 11. HP: 40/75 MP: 0/18
 10568 | D:8      | Killed a centaur warrior
 10568 | D:8      | Reached skill level 10 in Earth Magic
 10756 | D:8      | Reached skill level 1 in Maces & Flails
 11667 | D:9      | wat
 12091 | D:9      | Found a staircase to the Lair.
 13020 | D:9      | Found a staircase to the Orcish Mines.
 13718 | Lair:1   | Entered Level 1 of the Lair of Beasts
 13798 | Lair:1   | Learned a level 4 spell: Olgreb's Toxic Radiance
 13809 | Lair:1   | Reached skill level 1 in Poison Magic
 14016 | Lair:1   | Reached XP level 12. HP: 84/84 MP: 17/20
 14037 | Lair:1   | Reached skill level 5 in Maces & Flails
 14263 | Lair:1   | Reached skill level 5 in Poison Magic
 14406 | Lair:1   | Reached **** piety under Hepliaklqana
 15801 | Lair:2   | Found a runed door.
 15868 | Lair:2   | Noticed a queen ant
 15881 | Lair:2   | Killed a queen ant
 16068 | Lair:2   | Got a jewelled chain mail
 16668 | Lair:2   | Reached XP level 13. HP: 89/89 MP: 12/21
 16941 | Lair:2   | Reached skill level 10 in Poison Magic
 17110 | Lair:2   | Noticed a catoblepas
 17330 | Lair:1   | Noticed a four-headed hydra
 17336 | Lair:1   | Killed a four-headed hydra
 17465 | Lair:1   | whoops
 18116 | Lair:3   | Found a staircase to the Snake Pit.
 18715 | Lair:3   | Found a staircase to the Swamp.
 19566 | Lair:3   | Reached ***** piety under Hepliaklqana
 19964 | Lair:4   | Got a crude buckler
 19989 | Lair:3   | Identified the +6 chain mail of the Hidden Vale {rC+ MR+ Dex+4} (You found it on level 2 of the Lair of Beasts)
 19999 | Lair:3   | Identified the cursed +0 buckler "Paeqos" {Regen+ rCorr Str+4} (You found it on level 4 of the Lair of Beasts)
 20317 | Lair:4   | Found a shimmering altar of Xom.
 20964 | Lair:4   | Reached XP level 14. HP: 88/95 MP: 1/22
 21814 | Lair:5   | Gained mutation: You are partially covered in thin metallic scales. (AC +2) [potion of beneficial mutation]
 21876 | Lair:5   | Found a viscous altar of Jiyva.
 21877 | Lair:5   | Found a staircase to the Slime Pits.
 22289 | Lair:5   | Reached skill level 15 in Earth Magic
 22726 | Lair:6   | Entered Level 6 of the Lair of Beasts
 22988 | Lair:6   | Reached skill level 15 in Poison Magic
 23947 | Lair:6   | Learned a level 2 spell: Repel Missiles
 24361 | Lair:6   | Reached ****** piety under Hepliaklqana
 24584 | Lair:6   | Reached XP level 15. HP: 99/99 MP: 7/28
 25103 | Lair:2   | oh fuck
 25113 | Lair:2   | Reached skill level 10 in Spellcasting
 25886 | D:10     | Reached skill level 1 in Charms
 26037 | D:10     | Found a viscous altar of Jiyva.
 26157 | D:10     | Reached skill level 1 in Armour
 26408 | D:11     | not sure what to do about him
 26526 | D:11     | Noticed Erolcha
 26530 | D:11     | oh my god
 26676 | D:11     | do i really want to risk blasting you
 26678 | D:11     | Killed Snorg
 26679 | D:11     | k
 26808 | D:11     | Killed Erolcha
 27130 | D:11     | Learned a level 1 spell: Apportation
 27420 | D:12     | Noticed Maurice
 27429 | D:12     | Killed Maurice
 27622 | D:12     | huh
 28073 | D:12     | Noticed Kirke
 28078 | D:12     | Noticed a sphinx
 28078 | D:12     | bit mean kirke
 28206 | D:12     | Killed Kirke
 28653 | D:13     | hm
 28655 | D:13     | Found a gate to the Vaults.
 28656 | D:13     | hmmmmmmmmmmmmmmmmmmmmmm
 28656 | D:13     | i only have myself to blame tbh
 28676 | D:13     | wasn't so bad
 28891 | D:13     | Noticed Rupert
 28892 | D:13     | UH OH
 29715 | D:13     | Reached skill level 5 in Armour
 29921 | D:13     | Found Obbih's Antique Armour Shop.
 30012 | D:13     | Bought a fabulously ornate robe for 131 gold pieces
 30012 | D:13     | Bought the +3 warlock's mirror {reflect} for 655 gold pieces
 30022 | D:13     | Identified the +3 robe of Regg {rF- rN+++ Str+4 Stlth-} (You bought it in a shop on level 13 of the Dungeon)
 30251 | D:13     | Killed Rupert
 30251 | D:13     | Reached skill level 5 in Charms
 30251 | D:13     | Reached XP level 16. HP: 87/106 MP: 22/30
 30252 | D:13     | gj
 31647 | D:15     | Entered Level 15 of the Dungeon
 31659 | D:15     | Found a shadowy altar of Dithmenos.
 31696 | D:15     | Reached skill level 10 in Shields
 33894 | D:15     | Found a staircase to the Depths.
 34286 | Orc:1    | Entered Level 1 of the Orcish Mines
 34286 | Orc:1    | Noticed Urug
 34293 | Orc:1    | Noticed Thomus's ghost (journeyman HOFi)
 34296 | Orc:1    | Killed Urug
 34541 | Orc:1    | are you in fuckin crystal plate asshole
 34719 | Orc:1    | Killed Thomus's ghost
 34720 | Orc:1    | jesus
 34954 | Orc:1    | Found Wack's Food Shop.
 35214 | Orc:2    | Entered Level 2 of the Orcish Mines
 35567 | Orc:2    | Found a roughly hewn altar of Beogh.
 35581 | Orc:2    | Noticed Saint Roka
 35581 | Orc:2    | . .. ...
 35764 | Orc:2    | excuse me
 36137 | Orc:1    | Found a roughly hewn altar of Beogh.
 36742 | Orc:2    | Noticed itsmu's ghost (journeyman FoEE)
 36746 | Orc:2    | omg
 37030 | Orc:2    | OH YEAH I LEARNED IRON SHOT ON YOU
 37041 | Orc:1    | ah forget it
 37150 | D:8      | right i can't do orc, and i have no rp for snake or swamp
 37185 | Lair:1   | depths it is???
 37343 | Depths:1 | Entered Level 1 of the Depths
 37389 | Depths:1 | Reached XP level 17. HP: 110/110 MP: 11/31
 37720 | Depths:1 | hm
 37729 | Depths:1 | Reached skill level 10 in Conjurations
 37822 | Depths:1 | Noticed Vajrapani's ghost (journeyman TrMo)
 37845 | D:15     | ok that's the end of that
 38104 | Snake:1  | Entered Level 1 of the Snake Pit
 38404 | Snake:1  | Found a flickering gateway to a bazaar.
 38785 | Snake:1  | my god this server is laggy
 38816 | Bazaar   | Entered a bazaar
 38817 | Bazaar   | sure wish i had orc gold now
 38883 | Bazaar   | Found Horupt's Assorted Antiques.
 38887 | Bazaar   | Found Bihe's Weapon Boutique.
 38887 | Bazaar   | Found Otweuk's Antique Weapon Boutique.
 38888 | Bazaar   | Found Jeng's Food Boutique.
 38903 | Bazaar   | Bought a runed dire flail for 210 gold pieces
 38903 | Bazaar   | Bought a polished lajatang for 420 gold pieces
 38921 | Bazaar   | Bought a scroll of identify for 50 gold pieces
 38921 | Bazaar   | Bought a scroll of identify for 50 gold pieces
 38922 | Bazaar   | Identified the +5 lajatang of Leag {drain, Dex+4} (You bought it in a shop in a bazaar)
 40021 | Snake:1  | ok
 40758 | Snake:2  | Reached skill level 10 in Maces & Flails
 41633 | Snake:2  | Found Soimurcha's Jewellery Boutique.
 41634 | Snake:2  | Found Komn's Gadget Emporium.
 41634 | Snake:2  | Found Ofuqu's Gadget Emporium.
 41642 | Snake:2  | Bought an uncursed ring of poison resistance for 420 gold pieces
 41646 | Snake:2  | omfg
 41707 | Snake:2  | Found a shadowy altar of Dithmenos.
 42279 | Snake:2  | Reached XP level 18. HP: 77/120 MP: 26/32
 42794 | Snake:3  | Reached skill level 10 in Fighting
 42837 | Snake:3  | Noticed Paps's ghost (journeyman HOFi)
 42838 | Snake:3  | lotta fighters today
 42875 | Snake:3  | Killed Paps's ghost
 43058 | Snake:3  | Noticed Jorgrun
 43059 | Snake:3  | um
 43059 | Snake:3  | hello unique with shatter
 43071 | Snake:2  | get drained, fucker
 43071 | Snake:2  | Killed Jorgrun
 43513 | Snake:3  | Found Zyjoem's Book Shop.
 43591 | Snake:3  | i need to clear orc so badly
 43677 | Snake:3  | Gained mutation: You are resistant to electric shocks. (rElec) [potion of beneficial mutation]
 43678 | Snake:3  | holy shits
 43682 | Snake:3  | Identified a scroll of acquirement
 43685 | Snake:3  | fuck you
 44045 | Snake:3  | Noticed Aizul
 44049 | Snake:3  | oh you're aizul
 44049 | Snake:3  | erm
 44064 | Snake:3  | Killed Aizul
 45195 | Snake:4  | Entered Level 4 of the Snake Pit
 45196 | Snake:4  | oh right this is the end now
 45224 | Snake:4  | this is my own end vault
 45388 | Snake:4  | Found Fuon's Distillery.
 45391 | Snake:4  | Bought a potion of heal wounds for 80 gold pieces
 45611 | Snake:4  | Reached skill level 10 in Armour
 46430 | Lair:1   | Learned a level 3 spell: Mephitic Cloud
 46430 | Lair:1   | doubt i'll ever use this but
 46530 | Orc:1    | Reached XP level 19. HP: 123/129 MP: 8/33
 46946 | Orc:2    | Killed itsmu's ghost
 47053 | Orc:2    | that feel when your ancestor kills your ancestor
 47260 | Orc:2    | Found Ikesch's Book Emporium.
 47263 | Orc:2    | Found Xirr's Antique Armour Emporium.
 47265 | Orc:2    | Found Ranaroc's General Store.
 47298 | Orc:2    | Found a staircase to the Elven Halls.
 47303 | Orc:2    | Killed Saint Roka
 47306 | Orc:2    | we did it
 47527 | Orc:2    | Found Ekhlymp's Antique Weapon Emporium.
 47702 | Orc:2    | still no gold hm
 47864 | Swamp:1  | Entered Level 1 of the Swamp
 48006 | Swamp:1  | Got a smoking ring mail
 48018 | Swamp:1  | Identified the cursed +0 ring mail of Awe {-Cast rC+ Regen+ SInv} (You found it on level 1 of the Swamp)
 48664 | Swamp:2  | Noticed Louise
 48699 | Swamp:2  | Killed Louise
 48922 | Swamp:2  | Slain by a tyrant leech

Skill      XL: |  1  2  3  4  5  6  7  8  9 10 11 12 13 14 15 16 17 18 19 |
---------------+----------------------------------------------------------+-----
Earth Magic    | 4 5 6 7 9 10 11 14 15 | 15.0
Shields        | 1 4 6 8 9 11 | 11.6
Conjurations   | 1 3 4 5 6 9 11 | 11.0
Spellcasting   | 5 9 10 | 10.6
Dodging        | 3 4 6 7 |  7.8
Fighting       | 3 5 7 8 9 11 12 | 12.0
Maces & Flails | 4 6 8 9 11 13 | 13.3
Stealth        | 4 |  4.0
Poison Magic   | 2 9 13 15 | 15.0
Charms         | 5 6 |  6.2
Armour         | 5 6 8 10 | 10.9
Transmutations | |  1.1

Action                   |  1- 3 |  4- 6 |  7- 9 | 10-12 | 13-15 | 16-18 | 19-21 || total
-------------------------+-------+-------+-------+-------+-------+-------+-------++-------
Melee: Unarmed           |     1 |    10 |       |       |       |       |       ||    11
       Dagger            |       |    42 |    36 |    46 |       |       |       ||   124
       Whip              |       |       |     7 |   131 |   502 |   258 |       ||   898
       Lajatang          |       |       |       |       |       |   414 |   175 ||   589
       Dire flail        |       |       |       |       |       |    23 |       ||    23
 Fire: Blowgun           |       |       |     8 |     5 |       |       |       ||    13
Throw: Javelin           |     7 |    24 |       |       |       |       |       ||    31
 Cast: Sandblast         |    45 |   113 |    83 |   108 |    98 |    24 |       ||   471
       Stone Arrow       |       |       |    60 |   187 |   284 |   497 |    47 ||  1075
       Lee's Rapid Decon |       |       |       |    13 |    20 |    53 |       ||    86
       Olgreb's Toxic Ra |       |       |       |     8 |   124 |    89 |    17 ||   238
       Repel Missiles    |       |       |       |       |     1 |     3 |       ||     4
Invok: Ancestor Identity |       |     1 |       |       |       |       |       ||     1
       Ancestor Life: He |       |       |     1 |       |       |       |       ||     1
       Recall Ancestor   |       |       |       |     5 |     4 |     4 |       ||    13
 Abil: Dig               |       |    11 |     3 |    13 |    12 |    14 |       ||    53
       Shaft Self        |       |       |       |     1 |       |       |       ||     1
       Evoke Flight      |       |       |       |       |     1 |       |       ||     1
Evoke: Wand              |       |       |     1 |       |    11 |     2 |     2 ||    16
  Use: Scroll            |       |     3 |     8 |    10 |     6 |     8 |     3 ||    38
       Potion            |       |       |       |     7 |     5 |     8 |     4 ||    24
 Stab: Sleeping          |       |     2 |     3 |       |     1 |       |       ||     6
       Distracted        |       |       |       |     2 |    11 |    15 |     2 ||    30
       Confused          |       |       |       |     1 |     2 |     4 |    10 ||    17
       Paralysed         |       |       |       |       |    11 |    38 |     6 ||    55
  Eat: Chunk             |     2 |    11 |    16 |    30 |    51 |    24 |     5 ||   139
       Fruit             |       |       |     2 |     5 |    12 |    11 |       ||    30
       Meat ration       |       |       |       |     2 |     1 |     5 |       ||     8
       Beef jerky        |       |       |       |     2 |       |     1 |       ||     3
       Pizza             |       |       |       |       |     2 |     2 |       ||     4
       Royal jelly       |       |       |       |       |       |     1 |       ||     1
       Bread ration      |       |       |       |       |       |       |     1 ||     1
Armor: Robe              |     6 |    39 |    25 |     7 |       |       |       ||    77
       Skin              |       |       |       |    23 |     3 |    52 |     8 ||    86
       Leather armour    |       |       |       |    26 |    84 |       |       ||   110
       Chain mail        |       |       |       |       |    73 |   318 |    45 ||   436
       Ring mail         |       |       |       |       |       |       |     2 ||     2
Dodge: Dodged            |    19 |   107 |    64 |   160 |   324 |   218 |    46 ||   938
       Deflected         |       |       |       |       |     3 |    10 |       ||    13
Block: Buckler           |     5 |    21 |    12 |    79 |   165 |   592 |   108 ||   982
       Shield            |       |       |       |    36 |    55 |       |       ||    91
       Reflection        |       |       |       |       |     7 |    81 |     7 ||    95
